 Dungeon Crawl Stone Soup version 0.18-a0-1196-g09327cf (webtiles) character file.

56 Ghalim the Skirmisher (level 3, -1/24 HPs)
             Began as a Gargoyle Fighter on Jan 30, 2016.
             Slain by Purgy (2 damage)
             ... on level 2 of the Dungeon.
             The game lasted 00:03:28 (1339 turns).

Ghalim the Skirmisher (Gargoyle Fighter)            Turns: 1339, Time: 00:03:28

Health: -1/24      AC: 10    Str: 20    XL:     3   Next: 95%
Magic:  3/3        EV:  7    Int:  8    God:
Gold:   126        SH:  9    Dex:  9    Spells: 0 memorised, 2 levels left

rFire  . . .     SeeInvis .     a - +0 flail
rCold  . . .     Gourm    .     b - +0 scale mail
rNeg   + . .     Faith    .     c - +0 shield
rPois  ∞         Spirit   .     (no helmet)
rElec  +         Dismiss  .     (no cloak)
rCorr  .         Reflect  .     (no gloves)
SustAt .         Harm     .     (no boots)
MR     .....                    (no amulet)
Stlth  ..........               (no ring)
                                (no ring)

@: not resistant to hostile enchantments, extremely unstealthy
A: negative energy resistance 1, electricity resistance, unbreathing,
petrification resistance, rot immunity, AC +3
a: no special abilities


You were on level 2 of the Dungeon.
You were hungry.

You visited 1 branch of the dungeon, and saw 3 of its levels.

You collected 126 gold pieces.

Inventory:

Hand Weapons
 a - a +0 flail (weapon)
 j - a cursed -1 whip
Armour
 b - a +0 scale mail (worn)
 c - a +0 shield (worn)
Jewellery
 h - a cursed -2 ring of intelligence {unknown}
Wands
 o - a wand of random effects (23/48)
Scrolls
 i - 2 scrolls of amnesia {unknown}
 l - a scroll of magic mapping {unknown}
 n - a scroll of recharging {unknown}
Potions
 d - a potion of might
 e - a potion of haste {unknown}
 p - a potion of brilliance {unknown}
Books
 k - a book of Geomancy

   Spells                             Type                      Level
   a - Sandblast                      Earth                        1
   b - Stoneskin                      Transmutation/Earth          2
   c - Passwall                       Transmutation/Earth          3
   d - Stone Arrow                    Conjuration/Earth            3
   e - Petrify                        Transmutation/Earth          4
   f - Lee's Rapid Deconstruction     Earth                        5
Comestibles
 f - 2 bread rations
 g - 3 beef jerkies
 m - 2 meat rations


   Skills:
 + Level 4.1 Fighting
 * Level 3.4 Maces & Flails
 - Level 3.2 Armour
 - Level 3.2 Shields


You had 2 spell levels left.
You didn't know any spells.

Dungeon Overview and Level Annotations

Branches:
Dungeon (3/15)

Altars:
Dithmenos
Gozag
Nemelex Xobeh
Zin

Annotations:
D:2 Purgy


Innate Abilities, Weirdness & Mutations

You are resistant to torment.
Your stone body is resilient (AC +3).
You are immune to poison.
You resist negative energy.
You are resistant to electric shocks.
You can survive without breathing.
You are immune to petrification.
You are immune to rotting.


Message History

* * * LOW HITPOINT WARNING * * *
Purgy closely misses you. You block Purgy's attack. Purgy bites you.
* * * LOW HITPOINT WARNING * * *
Purgy claws you but does no damage. x2
You hit Purgy.
Purgy is almost dead.
You block Purgy's attack. x2; Purgy closely misses you.
You closely miss Purgy.
Purgy is almost dead.
You block Purgy's attack. Purgy closely misses you.
Purgy claws you but does no damage.
You closely miss Purgy.
Purgy is almost dead.
Purgy closely misses you. Purgy misses you. Purgy barely misses you.
Purgy completely misses you. You block Purgy's attack.
Purgy claws you but does no damage.
You miss Purgy.
Purgy is almost dead.
You block Purgy's attack. Purgy closely misses you. Purgy claws you.
You die...

#..#.#..8.....(#....#
#..#_'....#..#.#.....
#..#.#..8.##..<....##
#..###....##........#
#...#..8.#..........#
#.......##.#####..#.#
##.#.#####.#####.##..
#...# ##........... ###@#
#............ #T#
#.#.......#.#
#######g####.######.#..#
##.......>..#.# ###.....
##.....).......####.....#.
#..............#....##..#.
#..................####.#.
#..................# #.##
#..................####.##


You could see Purgy and a hobgoblin.

Vanquished Creatures
  An adder (D:2)
  2 giant geckos
  A giant cockroach (D:1)
  10 hobgoblins
  3 jackals (D:1)
  6 bats
  3 giant newts (D:2)
  7 goblins
  5 kobolds
  5 rats
43 creatures vanquished.

Notes
Turn   | Place    | Note
--------------------------------------------------------------
     0 | D:1      | Ghalim the Gargoyle Fighter began the quest for the Orb.
     0 | D:1      | Reached XP level 1. HP: 14/14 MP: 1/1
   218 | D:1      | Reached XP level 2. HP: 16/19 MP: 2/2
   579 | D:1      | Reached XP level 3. HP: 22/24 MP: 3/3
   654 | D:1      | Reached skill level 4 in Fighting
   724 | D:2      | Found an opulent altar of Gozag.
   725 | D:2      | Found a sparkling altar of Nemelex Xobeh.
   802 | D:2      | Found a glowing silver altar of Zin.
   990 | D:2      | Found a shadowy altar of Dithmenos.
  1133 | D:3      | Noticed Purgy
  1335 | D:2      | HP: 1/24 [Purgy (1)]
  1339 | D:2      | Slain by Purgy

Vault maps used:
D:1:      minmay_arrival_widening_spiral_wide
D:2:      grunt_temple_overflow_opulence, zin_statuary, marbit_many_paths,
          grunt_ministairs_1
D:3:      lemuel_coloured_pillars_altar, uniq_crazy_yiuf_cottage, uniq_purgy

Action                   || total
-------------------------++-------
Melee: Flail             ||   177
  Eat: Chunk             ||     1
